 Dungeon Crawl Stone Soup version 0.16-a0-77-g708f960 (webtiles) character file.

25 MRaven the Fey Demonspawn (level 2, -1/22 HPs)
             Began as a Demonspawn Death Knight on Aug 8, 2014.
             Was a Believer of Yredelemnul.
             Slain by a worm (10 damage)
             ... on Level 2 of the Dungeon.
             The game lasted 00:07:37 (1226 turns).

MRaven the Fey Demonspawn (Demonspawn Death Knight) Turns: 1226, Time: 00:07:37

HP  -1/22        AC  4     Str 13      XL: 2   Next: 86%
MP   4/4         EV 10     Int 12      God: Yredelemnul [**....]
Gold 98          SH  0     Dex 12      Spells:  0 memorised,  1 level left

rFire  . . .     SeeInvis .     a - +1 falchion
rCold  . . .     Clarity  .     f - +1 leather armour
rNeg   . . .     rCorr    .     (no shield)
rPois  .         rRot     .     (no helmet)
rElec  .         Spirit   .     (no cloak)
SustAb .         Warding  .     (no gloves)
rMut   .         Stasis   .     (no boots)
Gourm  .                        d - amulet of rage
MR     .....                    (no ring)
                                (no ring)

@: not resistant to hostile enchantments, very unstealthy
A: talons 1
a: Animate Remains, Recall Undead Slaves, Injury Mirror, Renounce Religion,
Evoke Berserk Rage


You were on level 2 of the Dungeon.
You worshipped Yredelemnul.
Yredelemnul was pleased with you.
You were not hungry.

You visited 1 branch of the dungeon, and saw 2 of its levels.

You collected 98 gold pieces.

Inventory:

Hand weapons
 a - a +1 falchion (weapon)
Armour
 f - a +1 leather armour (worn)
Comestibles
 c - 2 bread rations
Jewellery
 d - an amulet of rage (around neck)
Potions
 e - a potion of heal wounds {unknown}


   Skills:
 + Level 2.0 Fighting
 * Level 2.1 Long Blades
 + Level 1.6 Armour
 + Level 1.1 Dodging
 - Level 4.1 Invocations


You had one spell level left.
You didn't know any spells.

Dungeon Overview and Level Annotations

Branches:
Dungeon (2/15)

Altars:
Xom


Innate Abilities, Weirdness & Mutations

You have sharp toenails.


Message History

The worm bites you!
Your kobold zombie hits the worm.
Unknown command.
Your rat zombie bites the worm.
Your kobold zombie closely misses the worm.
Your rat zombie bites the worm.
The worm barely misses your rat zombie.
Your kobold zombie hits the worm.
Your rat zombie bites the worm but does no damage.
The worm bites your rat zombie!
Your kobold zombie hits the worm.
Your rat zombie barely misses the worm.
The worm bites your kobold zombie!
Your kobold zombie barely misses the worm.
Your rat zombie bites the worm.
Your kobold zombie hits the worm.
Your rat zombie bites the worm but does no damage.
The worm bites your rat zombie!
Your rat zombie is destroyed!
Your kobold zombie hits the worm.
The worm bites you!
You die...
Your body rises from the dead as a mindless zombie.

######.###..#.#
#...........#.#
#...........#.# #
#...........#.##
#.#..............#
#........###.#...#
####<.....##.#...#
#......##.#...#
#(.....##.#@Z.#
#(..........w...^_^..
#......##........^..
##..................
#.##.........).....
#.##.#######......
#.##.# #(#.# #)##.#
.#. #.##.#### .


You could see a worm and a friendly kobold zombie.

Vanquished Creatures
  A ball python (D:1)
  3 giant cockroaches (D:1)
  4 hobgoblins (D:1)
  2 kobolds
  4 bats
  2 giant newts
  5 goblins
  5 rats
26 creatures vanquished.

Vanquished Creatures (others)
  A bat zombie (D:1)
  A goblin zombie (D:1)
  A rat zombie (D:2)
3 creatures vanquished.

Grand Total: 29 creatures vanquished

Notes
Turn   | Place    | Note
--------------------------------------------------------------
     0 | D:1      | MRaven, the Demonspawn Death Knight, began the quest for the Orb.
     0 | D:1      | Reached XP level 1. HP: 16/16 MP: 2/2
     0 | D:1      | Noticed an ice dragon
     0 | D:1      | Noticed a large abomination
     3 | D:1      | Noticed a tentacled monstrosity
     3 | D:1      | Noticed an ice dragon
     5 | D:1      | Noticed an ice dragon
     8 | D:1      | Noticed a shadow dragon
    10 | D:1      | Noticed a green draconian
    10 | D:1      | Noticed an ice dragon
    12 | D:1      | Noticed an orb of fire
    13 | D:1      | Noticed a purple draconian
    14 | D:1      | Noticed a green draconian
    14 | D:1      | Noticed an orb of fire
    16 | D:1      | Noticed an iron dragon
    16 | D:1      | Noticed an iron dragon
    18 | D:1      | Noticed an ice dragon
    19 | D:1      | Noticed a tentacled monstrosity
    52 | D:1      | Reached skill level 1 in Armour
   276 | D:1      | Reached skill level 1 in Dodging
   314 | D:1      | Gained mutation: You have sharp toenails. [demonic ancestry]
   314 | D:1      | Reached XP level 2. HP: 22/22 MP: 4/4
   774 | D:1      | Reached skill level 4 in Invocations
  1170 | D:2      | Acquired Yredelemnul's second power
  1208 | D:2      | Found a shimmering altar of Xom.
  1226 | D:2      | Slain by a worm

Action                   || total
-------------------------++-------
Melee: Falchion          ||    69
Invok: Animate Remains   ||     9
  Use: Scroll            ||     5
  Eat: Chunk             ||     2
